Match 41030445
Unlisted

Match 41030445
End
Construct Infanterie Kompanie
Pioneer Squad
Grenadier Squad
Selects Mechanized Battlegroup
MG 42 Machine Gun Team
Grenadier Squad
Construct Luftwaffe Kompanie
221 Scout Car
Jäger Squad
Selects Raid Package
Medical Bunker
Jäger Squad
Luftwaffe Officer Quarters
ohmygod321
CallSignStrider
ShoulderGuy
Pinhead Larry
0
0

Comments sign in to comment!

No comments posted yet!